[Event "Live Chess"]
[Site "Chess.com"]
[Date "2023.05.21"]
[Round "-"]
[White "PaulyD81"]
[Black "Dhaydon19"]
[Result "0-1"]
[WhiteElo "1145"]
[BlackElo "2689"]
[TimeControl "300"]
[EndTime "8:19:50 PDT"]
[Termination "Dhaydon19 won by checkmate"]

1. d4 c6 2. c4 d5 3. e3 Nf6 4. Nc3 e6 5. Nf3 Bd6 6. Qc2 Nbd7 7. Be2 dxc4 8. Bxc4 Qe7 9. O-O e5 10. a3 O-O 11. b4 a5 12. Rb1 axb4 13. axb4 e4 14. Ng5 Nb6 15. Ngxe4 Nxe4 16. Nxe4 Nxc4 17. Nxd6 Nxd6 18. Re1 Bf5 19. e4 Bxe4 20. Rxe4 Qxe4 21. Qxe4 Nxe4 22. h3 Nc3 23. Rb2 Ra1 24.
Rc2 Rxc1+ 25. Rxc1 Ne2+ 26. Kf1 Nxc1 27. Ke1 Nd3+ 28.
Kd2 Nxb4 29. Kc3 Nd5+ 30. Kc4 b6 31. f3 Ra8 32. Kd3 Ra3+ 33. Ke4 g6 34. g4 Re3# 0-1

[Event "Live Chess"]
[Site "Chess.com"]
[Date "2023.05.21"]
[Round "-"]
[White "whatnot126"]
[Black "lord_cll"]
[Result "1-0"]
[WhiteElo "2067"]
[BlackElo "1206"]
[TimeControl "300"]
[EndTime "8:19:56 PDT"]
[Termination "whatnot126 won by resignation"]

1. e4 d5 2. Nc3 d4 3. Nce2 e5 4. Nf3 Nc6 5. Ng3 Bg4 6. Bb5 Bd6 7. O-O Nf6 8. h3 Bd7 9. d3 O-O 10. Bg5 h6 11. Bh4 a6 12. Bc4 Be7 13. Nf5 Bxf5 14. exf5 Nd5 15. Bg3 Bf6 16. Nd2 b5 17. Bb3 a5 18. Qg4 a4 19. Bxd5 Qxd5 20. Ne4 Be7 21. f6 1-0

[Event "Live Chess"]
[Site "Chess.com"]
[Date "2023.05.21"]
[Round "-"]
[White "ms_lilley"]
[Black "EdenHazard8"]
[Result "0-1"]
[WhiteElo "603"]
[BlackElo "1927"]
[TimeControl "300"]
[EndTime "8:20:03 PDT"]
[Termination "EdenHazard8 won by checkmate"]

1. d3 d5 2. d4 Nf6 3. h3 c5 4. c3 cxd4 5. cxd4 Nc6 6. a3 Qb6 7. b4 Bf5 8. Nf3 e6 9. Bb2 a5 10. Bc3 axb4 11. Bxb4 Bxb4+ 12. Nbd2 Bc3 13. e4 Nxe4 14. Bd3 Nxd2 15. Nxd2 Bxd3 16. Qg4 Bxa1 17. Qxg7 Bc3 18. Qxh8+ Ke7 19. Qxa8 Qb1# 0-1

[Event "Live Chess"]
[Site "Chess.com"]
[Date "2023.05.21"]
[Round "-"]
[White "Biranidun"]
[Black "Singapourfeuj"]
[Result "1-0"]
[WhiteElo "2519"]
[BlackElo "2182"]
[TimeControl "300"]
[EndTime "8:20:16 PDT"]
[Termination "Biranidun won by checkmate"]

1. e4 c5 2. Nf3 d6 3. d4 cxd4 4. Nxd4 Nf6 5. Nc3 a6 6. Be3 e5 7. Nb3 Be7 8. f3 Be6 9. Qd2 h5 10. Nd5 Nxd5 11. exd5 Bf5 12. O-O-O Nd7 13. Bd3 Bxd3 14. Qxd3 g6 15. Kb1 Qc7 16. c4 Rc8 17. Rc1 O-O 18. Nd2 f5 19. g4 hxg4 20. fxg4 Nc5 21.
Bxc5 Qxc5 22. gxf5 gxf5 23. Rhg1+ Kf7 24. Qxf5+ Bf6 25.
Qe6# 1-0

[Event "Live Chess"]
[Site "Chess.com"]
[Date "2023.05.21"]
[Round "-"]
[White "friarnator"]
[Black "Hacker_2009"]
[Result "1/2-1/2"]
[WhiteElo "2027"]
[BlackElo "1949"]
[TimeControl "300"]
[EndTime "8:20:20 PDT"]
[Termination "Game drawn by stalemate"]

1. e4 c5 2. d4 cxd4 3. c3 d6 4.
Nf3 dxc3 5. Nxc3 Nf6 6. Bc4 Nc6 7. O-O e6 8. Qe2 Be7 9. Rd1 O-O 10. e5 Nd5 11. Nxd5 exd5 12. Bxd5 Qc7 13. Bf4 dxe5 14. Nxe5 Nxe5 15. Bxe5 Qb6 16. Bxg7 Kxg7 17. Qxe7 Qxb2 18.
Qg5+ Kh8 19. Rab1 Qg7 20. Qh4 Be6 21. Bxb7 Rab8 22. Be4 Bxa2 23. Rxb8 Rxb8 24. Rd8+ Rxd8 25. Qxd8+ Qg8 26. Qa5 Be6 27. Qe5+ Qg7 28. Qb8+ Qg8 29. Qxa7 Qc8 30. Qd4+ Kg8 31. h3 Qc1+ 32. Kh2 Qc7+ 33.
g3 Qc8 34. h4 Qb8 35. Qd3 Qb2 36. Qe3 Qf6 37. Qg5+ Qxg5 38. hxg5 Kg7 39. f4 f6 40. gxf6+ Kg8 41. f5 Bb3 42. g4 h6 43. Kg3 Kf7 44. Kh4 Kxf6 45. Bf3 Bf7 46. Bd1 Be8 47. Kg3 Kg5 48.
Bf3 Ba4 49. Kf2 Bb3 50. Ke3 Bc2 51. Kd4 Bb3 52. Ke5 Ba2 53. Bd5 Bb1 54. f6 Bg6 55. Bf3 Bf7 56. Be2 Ba2 57. Bd1 Bf7 58. Bf3 Bb3 59.
Bd5 Bxd5 60. Kxd5 Kxf6 61. Ke4 Kg5 62. Kf3 Kg6 63. Kg3 Kg5 64. Kh3 Kf6 65. Kh2 Kg5 66. Kh1 Kxg4 67. Kg1 Kf4 68. Kh1 Ke5 69. Kg1 Kf5 70. Kh1 Kf6 71. Kg1 Kg5 72. Kh1 Kf5 73. Kg1 Kg4 74. Kh1 Kg3 75. Kg1 h5 76. Kh1 Kg4 77. Kg1 Kf4 78. Kh1 Kg5 79. Kg1 Kh6 80.
Kh1 Kg6 81. Kg1 Kg5 82. Kh1 Kg4 83. Kg1 h4 84. Kh1 h3 85. Kg1 Kg3 86. Kh1 h2 1/2-1/2

[Event "Live Chess"]
[Site "Chess.com"]
[Date "2023.05.21"]
[Round "-"]
[White "SavagePawn7"]
[Black "CheckThis4"]
[Result "0-1"]
[WhiteElo "777"]
[BlackElo "2531"]
[TimeControl "300"]
[EndTime "8:20:29 PDT"]
[Termination "CheckThis4 won by checkmate"]

1. e4 d5 2. Nc3 Nf6 3. exd5 c6 4. dxc6 Nxc6 5. Qe2 e5 6. Nf3 Bg4 7. h3 Bxf3 8. Qxf3 Bc5 9. d3 Nd4 10. Qd1 O-O 11. Be3 Rc8 12. Bxd4 exd4 13. Ne4 Re8 14. f3 Nd5 15. Be2 Ne3 16. Qc1 Bb4+ 17. c3 f5 18. Ng3 Qh4 19. Kf2 f4 20. cxb4 Qxg3+ 21. Kg1 Qxg2# 0-1

[Event "Live Chess"]
[Site "Chess.com"]
[Date "2023.05.21"]
[Round "-"]
[White "nigelst"]
[Black "MarkLim1"]
[Result "1-0"]
[WhiteElo "1709"]
[BlackElo "1725"]
[TimeControl "300"]
[EndTime "8:20:49 PDT"]
[Termination "nigelst won on time"]

1. e4 c6 2. d4 d5 3. exd5 cxd5 4. Bd3 Nc6 5. c3 Qc7 6. Ne2 Bg4 7. f3 Bh5 8. Bf4 Qd7 9. O-O e6 10. Nd2 Bd6 11. Bxd6 Qxd6 12. Ng3 Bg6 13. Qc2 Bxd3 14. Qxd3 Nf6 15. Qe3 O-O 16. Qg5 b5 17. Nh5 Nxh5 18.
Qxh5 b4 19. f4 bxc3 20. bxc3 g6 21. Qh6 Rfc8 22. Nf3 Qf8 23. Qg5 Qe7 24. Qg3 Rab8 25. Rab1 Rxb1 26. Rxb1 Na5 27. Ne5 Nc4 28. Nxc4 Rxc4 29.
Rb8+ Kg7 30. h4 h5 31. Qe3 Qxh4 32. Rb7 Ra4 33. g3 Qf6 34. Rb2 a5 35. Qe2 Rc4 36. Qd3 Qf5 37. Qxf5 gxf5 38. Rc2 Kf8 39. Kg2 Kg7 40. Kh3 Kg6 41. Kh4 Ra4 42. Kh3 Rc4 43.
Kg2 Rc7 44. Kf3 Rb7 45. c4 dxc4 46. Rxc4 Rb2 47. Ra4 Rb5 48. Ke3 Kf6 49. Kd3 Ke7 50.
Kc4 Rd5 51. Ra3 Kd7 52. Rb3 Kc7 53. a3 Rd6 54. Rb5 Ra6 55. a4 Rc6+ 56. Kd3 Ra6 57. d5 exd5 58. Kd4 Kd6 59. Rxd5+ Ke6 60. Re5+ Kf6 61.
Rb5 Kg6 62. Kc5 Re6 63. Rb6 Kf6 64. Rxe6+ Kxe6 65. Kb5 Kd6 66. Kxa5 Kc6 67. Ka6 Kc7 68. Kb5 Kd7 69. Kc5 Kc7 70. Kd5 Kb6 71. Ke5 Ka5 72. Kxf5 Kxa4 73. Kf6 Kb5 74. Kxf7 Kc6 75. Kg6 Kd7 76.
Kxh5 Ke6 77. g4 Kf7 78. Kh6 Kf6 79. g5+ Kf7 80. g6+ Kg8 81. g7 Kf7 82. Kh7 Kf6 83. g8=Q Kf5 84. Qg6+ Kxf4 85. Qf6+ 1-0

[Event "Live Chess"]
[Site "Chess.com"]
[Date "2023.05.21"]
[Round "-"]
[White "romchyk1219"]
[Black "manthanit"]
[Result "1-0"]
[WhiteElo "663"]
[BlackElo "1087"]
[TimeControl "300"]
[EndTime "8:20:50 PDT"]
[Termination "romchyk1219 won on time"]

1. e4 e6 2. d4 d5 3. e5 c5 4. Nf3 Qb6 5. Bd3 Nc6 6. dxc5 Bxc5 7. O-O Nge7 8. Bf4 Nf5 9. Nc3 a6 10. Bxf5 exf5 11. Nxd5 Qd8 12. Nc3 Qxd1 13. Nxd1 O-O 14. Re1 Be6 15. Ne3 Rad8 16. Rad1 Bxa2 17. Rxd8 Rxd8 18. b3 Bxe3 19. fxe3 Nb4 20. Ra1 Nxc2 21. Rxa2 Rd1+ 22. Kf2 Nb4 23. Re2 Nd3+ 24. Kg3 h6 25. e4 g5 26. Bd2 h5 27. Nxg5 f4+ 28. Bxf4 Rf1 29. Be3 Nxe5 30. Rf2 Rb1 31. Rf5 Ng6 32.
Rxf7 Rxb3 33. Rf3 Ne5 34. Rf5 Rxe3+ 35. Kf4 Re1 36. Rxe5 Rg1 37. Re8+ Kg7 38. Re7+ Kg6 39. Rxb7 Rf1+ 40. Ke5 Kxg5 41. Rg7+ Kh6 42. Ra7 Kg5 43. Rxa6 Rf2 44. Rg6+ Kxg6 45. Kd5 1-0

[Event "Live Chess"]
[Site "Chess.com"]
[Date "2023.05.21"]
[Round "-"]
[White "ramses-IIG"]
[Black "HonestJoe1"]
[Result "0-1"]
[WhiteElo "873"]
[BlackElo "2098"]
[TimeControl "300"]
[EndTime "8:20:54 PDT"]
[Termination "HonestJoe1 won by resignation"]

1. e4 c5 2. Nf3 Nc6 3. Bc4 g6 4. d3 Bg7 5. Ng5 e6 6. c3 d5 7. exd5 exd5 8. Bb3 Qe7+ 9. Kf1 Nf6 10. Ba4 O-O 11. Bxc6 bxc6 12. Nf3 Ba6 13. Na3 Qe4 14. Kg1 Qxd3 15. Qxd3 Bxd3 16. Ne5 Rfe8 17. Nxd3 c4 18.
g3 cxd3 19. Kg2 Re2 20. c4 d2 21. Bxd2 Rxd2 22. cxd5 cxd5 23. Nb5 Rxb2 24. Nc7 Rd8 25. a4 Ne4 26. Rhf1 Rxf2+ 27. Rxf2 Bxa1 28. Rf1 Bg7 29. Rd1 d4 30. Nb5 a6 31. Nxd4 Rxd4 32. Rxd4 Bxd4 33.
Kf3 Nc5 34. Ke2 Nxa4 0-1

[Event "Live Chess"]
[Site "Chess.com"]
[Date "2023.05.21"]
[Round "-"]
[White "BillythekidFellowes"]
[Black "JoshMcK"]
[Result "1-0"]
[WhiteElo "2122"]
[BlackElo "1573"]
[TimeControl "300"]
[EndTime "8:20:59 PDT"]
[Termination "BillythekidFellowes won by checkmate"]

1. e4 c6 2. Nc3 d5 3. d4 dxe4 4.
Nxe4 Nf6 5. Nxf6+ exf6 6. Nf3 Bd6 7. Bd3 O-O 8. c3 Re8+ 9. Be3 Bf4 10. Kf1 Bxe3 11.
fxe3 Qe7 12. e4 Bg4 13. Qd2 Bxf3 14. gxf3 Nd7 15. Rg1 Nf8 16. Rg3 Qd6 17. Kf2 Ng6 18.
h4 Nf4 19. Bc4 Nh5 20. Rg2 b5 21. Bb3 a5 22. a3 a4 23. Ba2 Nf4 24. Rg4 Nh5 25.
Qh6 Qh2+ 26. Ke3 Qxb2 27. Qxh5 Qxc3+ 28. Kf4 Qxd4 29. Qxf7+ Kh8 30. Qxg7# 1-0

[Event "Live Chess"]
[Site "Chess.com"]
[Date "2023.05.21"]
[Round "-"]
[White "domrobson"]
[Black "LanceMaster23"]
[Result "1-0"]
[WhiteElo "1793"]
[BlackElo "1959"]
[TimeControl "300"]
[EndTime "8:20:59 PDT"]
[Termination "domrobson won by checkmate"]

1. d4 Nf6 2. c4 e6 3. Nf3 Bb4+ 4.
Bd2 Bxd2+ 5. Qxd2 c5 6. d5 d6 7. Nc3 e5 8. e4 Bg4 9. Be2 Nbd7 10. O-O O-O 11. Ne1 Bxe2 12. Qxe2 Qe7 13. a4 a6 14. Nc2 Ne8 15. f3 f5 16. Ne3 f4 17. Nf5 Qg5 18.
h4 Qh5 19. g4 fxg3 20. f4 Qxe2 21. Nxe2 exf4 22. Rxf4 Ne5 23. Ne7+ Kh8 24. Rxf8# 1-0

[Event "Live Chess"]
[Site "Chess.com"]
[Date "2023.05.21"]
[Round "-"]
[White "Cimon"]
[Black "chessfiction"]
[Result "0-1"]
[WhiteElo "1844"]
[BlackElo "2293"]
[TimeControl "300"]
[EndTime "8:21:18 PDT"]
[Termination "chessfiction won by resignation"]

1. Nf3 e5 2. Nxe5 Nc6 3. Nxc6 dxc6 4. d4 Bg4 5. Nc3 Bb4 6. Bf4 Qe7 7. f3 Bh5 8. e4 O-O-O 9. Be3 Nf6 10. Bd3 c5 11.
d5 Nxd5 12. Bd2 Bxc3 13. bxc3 c4 14. Bxc4 Ne3 15. Qe2 Nxc2+ 16. Kf2 Nxa1 17. Rxa1 Qc5+ 18. Be3 Qa5 19. Qb2 Rd6 20. Rb1 b6 21. Bf4 Qc5+ 22. Kg3 Rg6+ 23. Kh3 Qxc4 24. Qa3 a5 25. Qe7 Qe6+ 0-1

[Event "Live Chess"]
[Site "Chess.com"]
[Date "2023.05.21"]
[Round "-"]
[White "Tiltador"]
[Black "JohanKjeldahl"]
[Result "0-1"]
[WhiteElo "907"]
[BlackElo "1886"]
[TimeControl "300"]
[EndTime "8:21:23 PDT"]
[Termination "JohanKjeldahl won by resignation"]

1. e4 c5 2. Nf3 Nc6 3. Bb5 e6 4.
Bxc6 dxc6 5. d3 Nf6 6. O-O Be7 7. Nc3 O-O 8. Bg5 h6 9. Bxf6 Bxf6 10. e5 Be7 11.
Ne4 b6 12. Nd6 Bxd6 13. exd6 Qxd6 14. d4 cxd4 15. Qxd4 Qxd4 16. Nxd4 c5 17. Nc6 Bb7 18. Ne5 Rad8 19. f4 Rd2 20. Rac1 Rxg2+ 21. Kh1 Rxc2+ 22.
Kg1 Rg2+ 23. Kh1 Rxb2+ 24. Kg1 Rg2+ 25. Kh1 Rxa2+ 26. Kg1 Rg2+ 27. Kh1 Rc2+ 28. Kg1 Rxc1 29. Rxc1 Rd8 30. h4 Rd4 31. Rf1 f6 32. Ng6 Kf7 33.
h5 Be4 34. Nh8+ Ke7 35. Ng6+ Bxg6 36. hxg6 Kd6 37. f5 e5 38. Kg2 e4 39. Re1 Ke5 40. Rf1 Rd3 41. Kg1 e3 42. Kg2 Ke4 43.
Kg3 e2+ 44. Kh4 exf1=Q 0-1

[Event "Live Chess"]
[Site "Chess.com"]
[Date "2023.05.21"]
[Round "-"]
[White "gmnorfolk"]
[Black "garyjc"]
[Result "1-0"]
[WhiteElo "2114"]
[BlackElo "1080"]
[TimeControl "300"]
[EndTime "8:21:26 PDT"]
[Termination "gmnorfolk won by resignation"]

1. d4 d5 2. Nc3 Nf6 3. Bf4 Bf5 4. e3 Nc6 5. Nb5 Rc8 6. c4 e6 7. a3 Bd6 8. Nxd6+ cxd6 9. h3 O-O 10. Nf3 Ne4 11.
Be2 Qa5+ 12. b4 Qc7 13. c5 Nc3 14. Qd2 Ne4 15. Qc1 Qd8 16. O-O Re8 17. Qb2 b6 18. b5 Na5 19. c6 Nc4 20. Bxc4 dxc4 21. Rac1 c3 22. Rxc3 Nxc3 23. Qxc3 Be4 24. Nd2 Bg6 25. Nc4 d5 26. Nd6 Qe7 27. Nxc8 Rxc8 28. Rc1 f6 29. c7 e5 30. dxe5 fxe5 31. Bxe5 1-0

[Event "Live Chess"]
[Site "Chess.com"]
[Date "2023.05.21"]
[Round "-"]
[White "DfNn"]
[Black "Missedidea"]
[Result "0-1"]
[WhiteElo "1544"]
[BlackElo "1776"]
[TimeControl "300"]
[EndTime "8:21:33 PDT"]
[Termination "Missedidea won by resignation"]

1. e4 c5 2. f4 g6 3. Nf3 Bg7 4. c3 e6 5. Be2 Ne7 6. d3 O-O 7. Na3 d5 8. e5 a6 9. Nc2 Nbc6 10. Be3 b6 11. Qd2 Nf5 12. Bf2 h5 13. Ng5 Qe7 14.
g4 hxg4 15. Bxg4 Bh6 16. h4 f6 17. exf6 Qxf6 18. O-O-O d4 19. c4 e5 20. Rde1 Bb7 21. Rh2 Rae8 22. Bxf5 Qxf5 23. fxe5 Rxe5 24. Rxe5 Nxe5 25.
Kb1 Nf3 26. Nxf3 Bxd2 27. Nxd2 Qf4 28. Nf1 Qxh2 29. Nxh2 Rxf2 30. h5 Rxh2 0-1

[Event "Live Chess"]
[Site "Chess.com"]
[Date "2023.05.21"]
[Round "-"]
[White "McSlash1"]
[Black "Conradical12"]
[Result "1-0"]
[WhiteElo "1985"]
[BlackElo "1519"]
[TimeControl "300"]
[EndTime "8:21:49 PDT"]
[Termination "McSlash1 won by resignation"]

1. e4 e5 2. Nf3 Nc6 3. Bb5 Nf6 4. O-O Bc5 5. Re1 Ng4 6. d4 Bb6 7. Ng5 d6 8. d5 a6 9. dxc6 axb5 10. cxb7 Bxb7 11. Qxg4 O-O 12. Nc3 f5 13. exf5 h5 14. Qg3 Rxf5 15. Be3 Bxe3 16. Rxe3 Rxg5 17. Qh3 Rxg2+ 18. Kf1 Qg5 19. Rg3 Rxg3 20. hxg3 Rf8 21. Ne2 Qe3 22. Qh2 Bd5 23. b3 Be4 24. Re1 Bxc2 25. Nf4 Bd3+ 26. Nxd3 Qxd3+ 27. Kg1 Qd2 28. Rf1 Qxa2 29. Qxh5 Qxb3 30. Kg2 Qd5+ 31. Kg1 b4 32.
Rd1 Qc5 33. Rf1 b3 34. g4 b2 35. Qg6 Rxf2 36. Rxf2 b1=Q+ 37. Qxb1 Qd4 38. Qg6 Qd1+ 39. Kg2 Qd5+ 40. Kg3 Qb3+ 41. Rf3 Qd1 42. Qe6+ Kh7 43. Qf5+ Kg8 44. Qc8+ Kh7 45. Qf5+ Kg8 46. Qf7+ Kh7 47. Qh5+ Kg8 48. Qh2 Qe1+ 49. Qf2 Qxf2+ 50. Rxf2 g6 51. Rc2 c5 52. Rd2 Kf7 53. Rxd6 c4 54. Rc6 g5 55. Rxc4 Ke6 56. Kf3 Kd5 57. Ra4 Kc5 58. Ke4 Kd6 59.
Ra5 Ke6 60. Rxe5+ Kf6 61. Rd5 1-0

[Event "Live Chess"]
[Site "Chess.com"]
[Date "2023.05.21"]
[Round "-"]
[White "Dhaydon19"]
[Black "WilliamofOrange16th"]
[Result "1-0"]
[WhiteElo "2689"]
[BlackElo "1849"]
[TimeControl "300"]
[EndTime "8:21:49 PDT"]
[Termination "Dhaydon19 won by checkmate"]

1. d4 d5 2. Nf3 Nf6 3. g3 c6 4.
Bg2 Bf5 5. O-O e6 6. c3 Bd6 7.
Nbd2 h6 8. Nh4 Bh7 9. Re1 O-O 10. e4 dxe4 11. Nxe4 Nxe4 12. Bxe4 Bxe4 13. Rxe4 Nd7 14. Rg4 Kh8 15. Bxh6 gxh6 16. Qd2 Kh7 17. Qd3+ f5 18. Re1 Nf6 19. Rg6 Qe8 20. Qe2 Ne4 21.
Qh5 Rf6 22. Qxh6# 1-0

[Event "Live Chess"]
[Site "Chess.com"]
[Date "2023.05.21"]
[Round "-"]
[White "ramses-IIG"]
[Black "JoshMcK"]
[Result "0-1"]
[WhiteElo "873"]
[BlackElo "1573"]
[TimeControl "300"]
[EndTime "8:22:13 PDT"]
[Termination "JoshMcK won by resignation"]

1. e4 c6 2. Nf3 d5 3. Bc4 dxc4 4. h3 g6 5. h4 Bg7 6. h5 Bg4 7. h6 Bxf3 8. g3 Bxh6 9. Qxf3 Nd7 10. Rxh6 Nxh6 11.
Qf4 Ng8 12. Qxf7+ Kxf7 0-1

[Event "Live Chess"]
[Site "Chess.com"]
[Date "2023.05.21"]
[Round "-"]
[White "Ian-Morley"]
[Black "NotHarryV"]
[Result "0-1"]
[WhiteElo "1110"]
[BlackElo "1508"]
[TimeControl "300"]
[EndTime "8:22:26 PDT"]
[Termination "NotHarryV won by resignation"]

1. e4 c6 2. Nf3 d5 3. exd5 cxd5 4.
d4 Nc6 5. Nc3 Bg4 6. h3 Bxf3 7.
Qxf3 Nf6 8. Bg5 e6 9. Bxf6 Qxf6 10.
Qxf6 gxf6 11. Bb5 f5 12. Bxc6+ bxc6 13. O-O-O a5 14. g4 fxg4 15. hxg4 a4 16. f3 Bd6 17.
Ne2 Kd7 18. f4 Rhb8 19. b3 axb3 20. cxb3 c5 21. Rd2 cxd4 22. Rc2 d3 23. Rd2 dxe2 24.
Rxe2 Bxf4+ 25. Kd1 Rc8 26. Ke1 Rc1+ 0-1

[Event "Live Chess"]
[Site "Chess.com"]
[Date "2023.05.21"]
[Round "-"]
[White "FierceFighter2000"]
[Black "PiotrD11"]
[Result "1-0"]
[WhiteElo "2045"]
[BlackElo "1377"]
[TimeControl "300"]
[EndTime "8:22:37 PDT"]
[Termination "FierceFighter2000 won by checkmate"]

1. e4 e5 2. Nf3 Nc6 3. Bc4 d6 4. d4 exd4 5. c3 dxc3 6. Nxc3 Nf6 7. Qa4 Bd7 8. Qb3 Be7 9. Bxf7+ Kf8 10. Bc4 Ne5 11.
Nxe5 dxe5 12. O-O a5 13. a4 c6 14. Rd1 Qc7 15. Bg5 h6 16. Bh4 Bb4 17. Bxf6 gxf6 18. Ne2 Rh7 19. Qf3 Be7 20. Ng3 Rg7 21. Nh5 Rg6 22. h3 Qb6 23. Rxd7 Qxb2 24. Rad1 Qb4 25. Qf5 Rg5 26. Qe6 Re8 27. Qf7# 1-0

[Event "Live Chess"]
[Site "Chess.com"]
[Date "2023.05.21"]
[Round "-"]
[White "Ferrarifan27"]
[Black "tpm07"]
[Result "1-0"]
[WhiteElo "2053"]
[BlackElo "1959"]
[TimeControl "300"]
[EndTime "8:22:41 PDT"]
[Termination "Ferrarifan27 won on time"]

1. e4 e5 2. Nf3 Nc6 3. Bb5 a6 4.
Ba4 Nf6 5. O-O Be7 6. Re1 b5 7.
Bb3 O-O 8. c3 d5 9. exd5 Nxd5 10.
Nxe5 Nxe5 11. Rxe5 c6 12. d3 Bd6 13. Rh5 g6 14.
Rg5 h6 15. Rxd5 cxd5 16. Bxh6 Re8 17. Nd2 Qh4 18. g3 Qxh6 19. Bxd5 Rb8 20. Ne4 Be5 21. Qf3 Be6 22. Bc6 Rec8 23. d4 Bg7 24. d5 Bf5 25. Nd6 Rf8 26. Nxf5 gxf5 27. Qxf5 Rbd8 28. Rd1 Rd6 29.
Re1 Qf6 30. Qc2 Rfd8 31. Kg2 Rxc6 32. dxc6 Qxc6+ 33. Kg1 b4 34. c4 Rd4 35. b3 Qd7 36.
Re2 Rd1+ 37. Kg2 Qc6+ 38. f3 Ra1 39. Qe4 Qc5 40. Qd5 Qg1+ 41. Kh3 Qf1+ 42. Rg2 Rxa2 43.
Qd8+ Kh7 44. Qh4+ Bh6 45. Qe4+ Kg8 46. f4 Qxg2+ 47. Qxg2 Rxg2 48. Kxg2 a5 49. c5 Bf8 50.
c6 Bd6 51. Kf3 Kf8 52. Ke4 Ke7 53. Kd5 Bc7 54. Kc4 Kd6 55. Kb5 Kd5 56. h4 1-0

[Event "Live Chess"]
[Site "Chess.com"]
[Date "2023.05.21"]
[Round "-"]
[White "EdenHazard8"]
[Black "martinsmartin63"]
[Result "1-0"]
[WhiteElo "1927"]
[BlackElo "767"]
[TimeControl "300"]
[EndTime "8:22:44 PDT"]
[Termination "EdenHazard8 won by resignation"]

1. e4 e5 2. Nf3 Nc6 3. Bc4 Bc5 4.
O-O d5 5. exd5 Nd4 6. Nxe5 Nf6 7.
d6 cxd6 8. Nxf7 Ke7 9. Re1+ Kd7 10. Nxd8 Rxd8 11. c3 Nc6 12. d4 Bb6 13. Bf4 Bc7 14.
Be6+ Ke8 15. Bxc8+ Kf8 16. Bxb7 Rab8 17. Bxc6 1-0

[Event "Live Chess"]
[Site "Chess.com"]
[Date "2023.05.21"]
[Round "-"]
[White "BJAW87"]
[Black "LiamClery2020"]
[Result "0-1"]
[WhiteElo "1442"]
[BlackElo "2010"]
[TimeControl "300"]
[EndTime "8:22:45 PDT"]
[Termination "LiamClery2020 won by resignation"]

1. e4 Nf6 2. e5 Nd5 3. d4 d6 4. Nf3 dxe5 5. Nxe5 c6 6. c4 Nb4 7. a3 Qxd4 8. axb4 Qxe5+ 9. Be2 e6 10. O-O Bxb4 11. f4 Bc5+ 12. Kh1 Qd4 13. Bd3 Nd7 14. Qf3 Nf6 15. Nd2 Qd7 16. b3 O-O 17. Bb2 Bd4 18.
Bxd4 Qxd4 19. Ne4 Nxe4 20. Bxe4 f5 21. Bd3 Qf6 22. Rad1 Rb8 23. g4 fxg4 24. Qxg4 b6 25. Qh5 g6 26. Rg1 Kh8 27. Bxg6 Rb7 28. Be8 Qxf4 29.
Rdf1 Qe4+ 0-1

[Event "Live Chess"]
[Site "Chess.com"]
[Date "2023.05.21"]
[Round "-"]
[White "ZackirtyChess"]
[Black "Long1968"]
[Result "0-1"]
[WhiteElo "1179"]
[BlackElo "967"]
[TimeControl "300"]
[EndTime "8:22:49 PDT"]
[Termination "Long1968 won by resignation"]

1. e4 e6 2. d4 d5 3. e5 c5 4. c3 cxd4 5. cxd4 Nc6 6. Nf3 Qb6 7. Qb3 Nxd4 8. Qxb6 Nxf3+ 9. gxf3 axb6 10. Bb5+ Bd7 11.
Bxd7+ Kxd7 12. Nc3 Bb4 13. Bd2 Bxc3 14. Bxc3 Ne7 15. Rg1 Ng6 16. f4 Rhg8 17. h4 Nxf4 18. Bd2 Nd3+ 19. Ke2 Nxe5 20. Bc3 Kd6 21. f4 Ng6 22.
Kf3 Nxh4+ 23. Kg4 Nf5 24. Kf3 0-1

[Event "Live Chess"]
[Site "Chess.com"]
[Date "2023.05.21"]
[Round "-"]
[White "manthanit"]
[Black "MarkLim1"]
[Result "1-0"]
[WhiteElo "1103"]
[BlackElo "1709"]
[TimeControl "300"]
[EndTime "8:22:56 PDT"]
[Termination "manthanit won by resignation"]

1. e4 c6 2. Nf3 d5 3. exd5 cxd5 4. d4 Nc6 5. Bb5 Bg4 6. O-O Nf6 7. h3 Bh5 8. Bg5 e6 9. c4 a6 10. Ba4 dxc4 11. b3 cxb3 12. Qxb3 Qd7 13. Ne5 Nxe5 14. Bxd7+ Nfxd7 15. dxe5 Nxe5 1-0

[Event "Live Chess"]
[Site "Chess.com"]
[Date "2023.05.21"]
[Round "-"]
[White "siddu198"]
[Black "WelshTiger"]
[Result "0-1"]
[WhiteElo "1616"]
[BlackElo "2335"]
[TimeControl "300"]
[EndTime "8:23:02 PDT"]
[Termination "WelshTiger won by checkmate"]

1. e4 c5 2. Nf3 d6 3. Nc3 Nc6 4. Bb5 Bd7 5. O-O a6 6. Bxc6 bxc6 7. Ne2 e5 8. c3 Nf6 9. Ng3 Be7 10. d3 O-O 11. a3 a5 12. Bd2 Rb8 13. b4 cxb4 14. axb4 axb4 15. cxb4 Qc7 16. Qc2 Qb7 17. Rfb1 Rfc8 18.
h3 h6 19. Be3 Ra8 20. Rxa8 Rxa8 21. Qc3 Qb5 22. d4 Be6 23. dxe5 dxe5 24. Bc5 Bxc5 25.
Qxc5 Qxc5 26. bxc5 Nd7 27. Rc1 Ra5 28. Kf1 f6 29. Rd1 Rxc5 30. Rd6 Kf7 31. Ne2 Ke7 32. Rd2 Ra5 33. Ne1 Ra1 34. f3 Bc4 35. Kf2 Nc5 36.
Rc2 Ra4 37. Ng3 g6 38. h4 h5 39. Rc3 Kd6 40. Ne2 Bb5 41. Nc1 Ne6 42. g3 Nd4 43. Ncd3 Ra2+ 44. Ke3 Re2# 0-1

[Event "Live Chess"]
[Site "Chess.com"]
[Date "2023.05.21"]
[Round "-"]
[White "HoarseyHorsey"]
[Black "1600x"]
[Result "0-1"]
[WhiteElo "1464"]
[BlackElo "1925"]
[TimeControl "300"]
[EndTime "8:23:14 PDT"]
[Termination "1600x won by resignation"]

1. d4 Nf6 2. c4 d5 3. cxd5 c6 4. Nc3 cxd5 5. Bg5 Nc6 6. e3 Ne4 7. Nxe4 dxe4 8. Ne2 Qa5+ 9. Nc3 Qxg5 10. Nxe4 Qa5+ 11.
Nc3 Qb6 12. Qd2 e6 13. Bd3 Bd7 14. O-O Bd6 15. Rac1 O-O 16. a3 Ne7 17. Ne4 Nf5 18. b4 Be7 19. Rc2 Bc6 20. Rfc1 a5 21. Rb2 Nh4 22.
bxa5 Qxa5 23. Qc2 Bxa3 24. Ra2 f5 25. Nc5 Bxg2 26. Rca1 Qb4 27. Bf1 Bd5 28. Nd3 Nf3+ 29. Kh1 Qd6 0-1

[Event "Live Chess"]
[Site "Chess.com"]
[Date "2023.05.21"]
[Round "-"]
[White "Hussamalhaidar"]
[Black "Mugzwang"]
[Result "1-0"]
[WhiteElo "1169"]
[BlackElo "1433"]
[TimeControl "300"]
[EndTime "8:23:19 PDT"]
[Termination "Hussamalhaidar won by resignation"]

1. b3 Nf6 2. Bb2 g6 3. Bxf6 exf6 4. Nf3 Bg7 5. Nc3 O-O 6. e3 c6 7. d4 d5 8. Bd3 Bg4 9. h3 Be6 10. O-O Qd7 11. a3 Bh6 12. Qe2 Na6 13. Bxa6 bxa6 14.
Qxa6 Bxh3 15. gxh3 Qxh3 16. Nh2 f5 17. Qxc6 f4 18. Qxd5 fxe3 19. Qf3 exf2+ 20. Rxf2 Qd7 21. Rd1 Rac8 22. Nd5 Rcd8 23. Nf6+ 1-0

[Event "Live Chess"]
[Site "Chess.com"]
[Date "2023.05.21"]
[Round "-"]
[White "MartinWalker4"]
[Black "zdanevych"]
[Result "1-0"]
[WhiteElo "2094"]
[BlackElo "1461"]
[TimeControl "300"]
[EndTime "8:23:23 PDT"]
[Termination "MartinWalker4 won by resignation"]

1. e4 c5 2. Nf3 e6 3. d4 d5 4. exd5 exd5 5. Bb5+ Nc6 6. Qe2+ Be6 7. O-O a6 8. Bxc6+ bxc6 9. Ne5 Qb6 10. dxc5 Bxc5 11. Nd3 Bd6 12. Be3 c5 13. b4 d4 14.
bxc5 Bxc5 15. Bf4 Be7 16. Nd2 Nf6 17. Nb3 Rd8 18. Rab1 O-O 19. Nbc5 Qc6 20. Nxe6 fxe6 21.
Rfe1 Nd5 22. Be5 Bf6 23. Qg4 Rde8 24. Qxd4 Bxe5 25. Qxe5 Rf5 26. Qd4 Qxc2 27. Rb2 Qc8 28. h3 h6 29. Reb1 Nf6 30. Qa7 Qc3 31. Qxa6 Ne4 32.
Qa4 Qc6 33. Qxc6 Nd2 34. Qxe8+ 1-0

[Event "Live Chess"]
[Site "Chess.com"]
[Date "2023.05.21"]
[Round "-"]
[White "Alfiedog12"]
[Black "SupremeTactician"]
[Result "0-1"]
[WhiteElo "870"]
[BlackElo "2190"]
[TimeControl "300"]
[EndTime "8:23:35 PDT"]
[Termination "SupremeTactician won by checkmate"]

1. d4 Nf6 2. Bf4 e6 3. e3 b6 4. Nf3 Bb7 5. Nbd2 Be7 6. c3 O-O 7. Qc2 d6 8. Bd3 h6 9. Bg3 Nbd7 10. Bh4 Nd5 11. Bxe7 Qxe7 12. g4 c5 13. g5 hxg5 14.
Rg1 cxd4 15. exd4 Nf4 16. Rxg5 Nxd3+ 17. Qxd3 Bxf3 18. Nxf3 e5 19. dxe5 Nxe5 20. Rxe5 dxe5 21. O-O-O Rad8 22. Qf5 Rxd1+ 23. Kxd1 Rd8+ 24. Kc2 Qf6 25. Qxe5 Qxf3 26. Qe7 Qd3+ 27. Kb3 Qd5+ 28. Kc2 Qd1# 0-1